 Dungeon Crawl Stone Soup version 0.24.0-123-gd5b16e6ec5 (webtiles) character file.

Game seed: 2201437240155309869, levelgen mode: deterministic

210 FessEmpty the Charlatan (level 5, 0/42 HPs)
             Began as a Draconian Artificer on Dec 27, 2019.
             Succumbed to a worker ant's poison
             ... on level 3 of the Dungeon.
             The game lasted 00:12:32 (2365 turns).

FessEmpty the Charlatan (Draconian Artificer)       Turns: 2365, Time: 00:12:32

Health: 0/42       AC:  5    Str: 15    XL:     5   Next: 56%
Magic:  7/7        EV: 18    Int: 17    God:
Gold:   132        SH:  0    Dex: 16    Spells: 4/4 levels left

rFire    . . .     SeeInvis .   o - +2 dagger (drain)
rCold    . . .     Gourm    .   (no shield)
rNeg     . . .     Faith    .   (armour unavailable)
rPois    +         Spirit   .   (helmet restricted)
rElec    .         Reflect  .   (no cloak)
rCorr    .         Harm     .   (no gloves)
MR       .....                  (no boots)
Stlth    +++.......             (no amulet)
HPRegen  0.14/turn              p - ring of poison resistance
MPRegen  0.10/turn              (no ring)

@: brilliant, agile, lethally poisoned (0 -> -10), about to teleport, very
slightly contaminated
A: unfitting armour, cold-blooded, AC +5
a: no special abilities


You were on level 3 of the Dungeon.
You were not hungry.

You visited 1 branch of the dungeon, and saw 3 of its levels.

You collected 132 gold pieces.

Inventory:

Hand Weapons
 a - a +0 short sword
 o - a +2 dagger of draining (weapon)
Jewellery
 p - a ring of poison resistance (left hand)
Wands
 b - a wand of flame (15)
 c - a wand of enslavement (15)
 d - a wand of random effects (9)
Scrolls
 h - 2 scrolls of enchant armour
Potions
 m - 2 potions of brilliance
Comestibles
 f - 5 rations


   Skills:
 + Level 2.7 Fighting
 + Level 2.5 Short Blades
 + Level 2.8 Dodging
 + Level 2.5 Stealth
 + Level 3.9 Evocations


You had 4 spell levels left.
You didn't know any spells.
Your spell library was empty.

Dungeon Overview and Level Annotations

Branches:
Dungeon (3/15)

Altars:
Ashenzari
Yredelemnul


Innate Abilities, Weirdness & Mutations

Your plain brown scales are hard. (AC +5)
You cannot fit into any form of body armour.
You are cold-blooded and may be slowed by cold attacks.


Message History

The water moccasin skeleton is too close now for your liking.
You hit the water moccasin skeleton but do no damage.
Your tail-slap misses the water moccasin skeleton.
The water moccasin skeleton barely misses you.
The water moccasin skeleton bites you but does no damage.
You closely miss the water moccasin skeleton.
You tail-slap the water moccasin skeleton.
The water moccasin skeleton is lightly damaged.
The water moccasin skeleton bites you.
You hit the water moccasin skeleton but do no damage.
The water moccasin skeleton is lightly damaged.
The water moccasin skeleton barely misses you.
You hit the water moccasin skeleton but do no damage.
The water moccasin skeleton is lightly damaged.
The water moccasin skeleton bites you.
You hit the water moccasin skeleton.
Your tail-slap misses the water moccasin skeleton.
The water moccasin skeleton is lightly damaged.
The water moccasin skeleton barely misses you.
You hit the water moccasin skeleton.
Your tail-slap misses the water moccasin skeleton.
The water moccasin skeleton is moderately damaged.
The water moccasin skeleton barely misses you.
You hit the water moccasin skeleton.
The water moccasin skeleton is moderately damaged.
The water moccasin skeleton bites you.
You hit the water moccasin skeleton.
The water moccasin skeleton is heavily damaged.
The water moccasin skeleton bites you.
You hit the water moccasin skeleton.
Your tail-slap misses the water moccasin skeleton.
The water moccasin skeleton is heavily damaged.
The water moccasin skeleton bites you but does no damage.
You barely miss the water moccasin skeleton.
The water moccasin skeleton is heavily damaged.
The water moccasin skeleton bites you but does no damage.
You hit the water moccasin skeleton.
The water moccasin skeleton is severely damaged.
The water moccasin skeleton barely misses you.
You hit the water moccasin skeleton.
The water moccasin skeleton is severely damaged.
The water moccasin skeleton bites you.
You are too injured to fight recklessly!
You are too injured to fight recklessly!
You are too injured to fight recklessly!
You hit the water moccasin skeleton.
Your tail-slap misses the water moccasin skeleton.
The water moccasin skeleton is almost destroyed.
The water moccasin skeleton bites you.
You hit the water moccasin skeleton.
The water moccasin skeleton is almost destroyed.
The water moccasin skeleton closely misses you.
The water moccasin skeleton misses you.
You barely miss the water moccasin skeleton.
The water moccasin skeleton is almost destroyed.
The water moccasin skeleton barely misses you.
You barely miss the water moccasin skeleton.
Your tail-slap misses the water moccasin skeleton.
The water moccasin skeleton is almost destroyed.
The water moccasin skeleton bites you but does no damage.
You hit the water moccasin skeleton.
You destroy the water moccasin skeleton!
You have reached level 5!
You start resting.
The adder is too close now for your liking.
You start resting.
Some of the chunks of flesh in your inventory have rotted away.
All of the chunks of flesh in your inventory have rotted away.
HP restored.
A bat comes into view.
No target in range!
The bat misses you. The bat closely misses you.
You hit the bat. You drain the bat.
The bat is severely wounded.
The bat hits you but does no damage. The bat barely misses you.
You miss the bat.
The bat is severely wounded.
The bat hits you but does no damage.
You hit the bat.
You kill the bat!
No target in view!
A worker ant comes into view.
The worker ant twitches its antennae in your direction.
Found a stone staircase leading up.
You are feeling hungry.
You hit the worker ant.
Your tail-slap misses the worker ant.
The worker ant is lightly wounded.
The worker ant waves its antennae.
The worker ant bites you but does no damage.
You hit the worker ant. You drain the worker ant.
The worker ant is heavily wounded.
The worker ant closely misses you. The worker ant barely misses you.
You hit the worker ant. You drain the worker ant.
The worker ant is almost dead.
The worker ant bites you but does no damage.
You barely miss the worker ant.
The worker ant is almost dead.
The worker ant misses you.
You hit the worker ant but do no damage.
You drain the worker ant.
You kill the worker ant!
You butcher the worker ant corpse.
g - a chunk of flesh Eating a chunk of flesh.
You eat the chunk of flesh.
This raw flesh tastes terrible.
A kobold comes into view. It is wielding a +0 short sword.
No target in range!
The helpless kobold fails to defend itself.
You puncture the kobold!
You kill the kobold!
Things that are here:
a +0 short sword; 5 stones You see here 15 stones.
You now have 132 gold pieces (gained 12).
A worker ant comes into view.
Found a shattered altar of Ashenzari.
The worker ant twitches its antennae in your direction.
The worker ant bites you.
You are poisoned.
The worker ant poisons you!
You hit the worker ant.
The worker ant is moderately wounded.
You feel sick. The worker ant closely misses you.
You hit the worker ant but do no damage.
The worker ant is moderately wounded.
You feel sick. The worker ant bites you.
You are more poisoned.
The worker ant poisons you!
You hit the worker ant.
The worker ant is moderately wounded.
You feel sick. The worker ant bites you!
You are more poisoned.
The worker ant poisons you!
You closely miss the worker ant.
The worker ant is moderately wounded.
You feel sick. The worker ant closely misses you.
It was a potion of brilliance.
You feel clever all of a sudden.
You feel sick.
The worker ant bites you but does no damage.
Evoke which item? (* to show all) (? for menu, Esc to quit)
Aiming: Random Effects
Press: ? - help, Shift-Dir - straight line, f - worker ant
Aim: a worker ant (moderately wounded)
The puff of frost hits the worker ant.
The worker ant is heavily wounded.
You feel sick. The worker ant bites you. The worker ant barely misses you.
Evoke which item? (* to show all) (? for menu, Esc to quit)
Aiming: Random Effects
Press: ? - help, Shift-Dir - straight line, f/p - worker ant
Aim: a worker ant (heavily wounded)
The worker ant appears confused.
You feel sick. The worker ant bites you.
You are lethally poisoned!
The worker ant poisons you!
It was a potion of agility.
You feel agile all of a sudden.
* * * LOW HITPOINT WARNING * * *
You feel sick. The worker ant misses you.
You hit the worker ant but do no damage.
You tail-slap the worker ant, but do no damage.
The worker ant is heavily wounded.
* * * LOW HITPOINT WARNING * * *
You feel sick.
You hit the worker ant. You drain the worker ant.
You kill the worker ant!
* * * LOW HITPOINT WARNING * * *
You feel sick.
As you read the scroll labeled NAROAWN KEME, it crumbles to dust.
It is a scroll of enchant armour.
You aren't carrying any armour which can be enchanted further.
* * * LOW HITPOINT WARNING * * *
You feel sick.
As you read the scroll labeled FOCEJO WI FEUD, it crumbles to dust.
You feel blessed for a moment.
It was a scroll of remove curse.
* * * LOW HITPOINT WARNING * * *
You feel sick.
As you read the scroll labeled LOYNUXTYDWA, it crumbles to dust.
You assume a fearsome visage.
Nothing appears to happen.
It was a scroll of fear.
* * * LOW HITPOINT WARNING * * *
You feel sick.
As you read the scroll labeled LUINEL LEFAY, it crumbles to dust.
It is a scroll of enchant weapon.
Your +1 dagger of draining glows red for a moment.
* * * LOW HITPOINT WARNING * * *
You feel sick.
Blink to where?
Press: ? - help, Dir - move target cursor You are very lightly contaminated with residual magic.
As you read the scroll labeled IGYTAU GUYG, it crumbles to dust.
It was a scroll of blinking.
* * * LOW HITPOINT WARNING * * *
You feel sick.
As you read the scroll labeled UXILETUNIA, it crumbles to dust.
You feel strangely unstable.
It was a scroll of teleportation.
* * * LOW HITPOINT WARNING * * *
You feel sick.
There is a lethal amount of poison in your body!
p - a ring of poison resistance (left hand)
You die...

..####.......#
#.# ###
#.#####.# #.#
#.# #.# #.#
#.# #.# #.###
#.# #.# #....
#(# #.# #####
#.# #.# #.#
#.############
#....@....^...
..#
#.#####.######
#.# #.. .# #.#
... .# #.####
...## .#
#.##.. .....
.# #.##.#
...._. .#
#.##.# #..#..
## #รท...#
#.##.#


There were no monsters in sight!

Vanquished Creatures
  A water moccasin skeleton (D:3)
  Jessica (D:2)
  2 worker ants (D:3)
  2 adders
  3 oozes
  A leopard gecko (D:1)
  4 bats
  3 giant cockroaches
  10 goblins
  7 hobgoblins
  4 jackals (D:1)
  A quokka (D:2)
  2 ball pythons (D:2)
  A frilled lizard (D:1)
  5 kobolds
  10 rats
57 creatures vanquished.

Notes
Turn   | Place    | Note
-------+----------+-------------------------------------------
     0 | D:1      | FessEmpty the Draconian Artificer began the quest for the
                  | Orb.
     0 | D:1      | Reached XP level 1. HP: 16/16 MP: 3/3
   129 | D:1      | Reached skill level 1 in Stealth
   232 | D:1      | Reached XP level 2. HP: 18/23 MP: 4/4
   873 | D:2      | Reached XP level 3. HP: 23/29 MP: 5/5
   911 | D:2      | Found a basalt altar of Yredelemnul.
  1469 | D:2      | Noticed Jessica
  1480 | D:2      | Killed Jessica
  1480 | D:2      | Reached XP level 4. HP: 36/36 MP: 6/6
  2075 | D:3      | Reached XP level 5. HP: 17/42 MP: 7/7
  2346 | D:3      | Found a shattered altar of Ashenzari.
  2362 | D:3      | HP: 2/42 [poisoned by a worker ant]
  2365 | D:3      | Succumbed to a worker ant's poison

Levels and vault maps discovered:
D:1:      saegor_arrival_simple_b, layout_loops_cross
D:2:      layout_basic, nicolae_overflow_hidden_temple, uniq_jessica
D:3:      layout_loops_ring, nicolae_overflow_crystal_walls, first_ration,
          biasface_ghost_orc_armoury

Skill      XL: |  1  2  3  4 |
---------------+-------------+-----
Stealth        | 1 2 |  2.5
Dodging        | 2 |  2.8
Fighting       | 2 |  2.7
Short Blades   | 2 |  2.5
Evocations     | |  3.9

Action                   |  1- 3 |  4- 6 || total
-------------------------+-------+-------++-------
Melee: Short sword       |   140 |    17 ||   157
       Tailslap          |    10 |     5 ||    15
       Dagger            |       |    42 ||    42
Evoke: Wand              |     2 |     4 ||     6
  Use: Scroll            |       |     6 ||     6
       Potion            |       |     2 ||     2
 Stab: Sleeping          |     1 |     3 ||     4
       Confused          |     1 |       ||     1
       Paralysed         |       |     1 ||     1
  Eat: Chunk             |     2 |     3 ||     5
Armor: Skin              |    36 |    12 ||    48
Dodge: Dodged            |    79 |    28 ||   107
